 Dungeon Crawl Stone Soup version 0.18-a0-5-gf1fb587 (webtiles) character file.

3937 HaroldButt the Martial Artist (level 10, -21/77 HPs)
             Began as a Minotaur Monk on Oct 31, 2015.
             Killed by the air
             ... invoked by Gastronok
              (31 damage)
             ... on level 8 of the Dungeon.
             The game lasted 00:26:24 (7602 turns).

HaroldButt the Martial Artist (Minotaur Monk)       Turns: 7602, Time: 00:26:24

Health: -21/77     AC: 10    Str: 16    XL:     10   Next: 1%
Magic:  9/9        EV: 17    Int: 10    God:
Gold:   113        SH:  0    Dex: 16    Spells: 0 memorised, 9 levels left

rFire  . . .     SeeInvis .       - Unarmed
rCold  . . .     Clarity  .     d - +0 ring mail
rNeg   . . .     SustAt   .     (no shield)
rPois  .         Gourm    +     (helmet restricted)
rElec  .         Spirit   .     q - +1 cloak
rCorr  .         Warding  .     (no gloves)
rMut   .         Stasis   .     r - +0 pair of boots
MR     .....                    i - amulet of the gourmand
Stlth  +.........               (no ring)
                                u - +3 ring of intelligence

@: drained, not resistant to hostile enchantments, very unstealthy
A: retaliatory headbutt, horns 2
a: no special abilities


You were on level 8 of the Dungeon.
You were completely stuffed.

You visited 1 branch of the dungeon, and saw 8 of its levels.

You collected 393 gold pieces.
You spent 280 gold pieces at shops.

Inventory:

Missiles
 f - 158 stones (quivered)
 v - a throwing net
Armour
 a - a +0 robe
 d - a +0 ring mail (worn)
 h - a +1 plate armour of cold resistance
 q - a +1 cloak (worn)
 r - a +0 pair of boots (worn)
Jewellery
 e - an uncursed amulet of resist corrosion
 i - an amulet of the gourmand (around neck)
 p - an uncursed amulet of rage
 u - a +3 ring of intelligence (left hand)
 F - an uncursed amulet of clarity
Wands
 n - a wand of draining (3)
 t - a wand of slowing (33)
 E - a wand of random effects (31)
Scrolls
 g - 3 scrolls of immolation
 m - 4 scrolls of teleportation
 s - 5 scrolls of remove curse
 y - a scroll of enchant armour
 D - a scroll of recharging
Potions
 c - 2 potions of curing
 l - 4 potions of agility
 o - a potion of cure mutation
 w - 3 potions of magic
 z - a potion of brilliance
 B - a potion of cancellation
 G - a potion of mutation {unknown}
Comestibles
 b - 4 bread rations
 j - 5 meat rations
 k - a beef jerky
 A - a slice of pizza


   Skills:
 - Level 3.6(3.3) Fighting
 + Level 9.3(9.0) Armour
 - Level 10.0(9.7) Dodging
 - Level 1.5(1.3) Stealth
 - Level 10.2(9.9) Unarmed Combat


You had 9 spell levels left.
You didn't know any spells.

Dungeon Overview and Level Annotations

Branches:
Dungeon (8/15)
 Temple: D:4-7         Lair: D:8-11

Altars:
Dithmenos
Elyvilon
Makhleb
Okawaru
Ru
Xom
Zin

Shops:
D:5 !

Annotations:
D:8 Gastronok


Innate Abilities, Weirdness & Mutations

You reflexively headbutt those who attack you in melee.
You have a pair of horns on your head.


Message History

The killer bee barely misses you.
You closely miss the killer bee. You headbutt the killer bee.
The killer bee is lightly wounded.
The killer bee barely misses you.
You punch the killer bee!
The killer bee is severely wounded.
The killer bee closely misses you. The killer bee completely misses you.
You furiously retaliate!
You headbutt the killer bee, but do no damage.
You punch the killer bee!
You kill the killer bee!
The killer bee closely misses you. The killer bee stings you.
* * * LOW HITPOINT WARNING * * *
The killer bee barely misses you. The killer bee stings you!
* * * LOW HITPOINT WARNING * * *
Gastronok waves his eye-stalks in wide circles.
The air twists around and strikes you!
You die...

##.#......<#...
#.#.......##.#
#####w#....#####.#
#.w.y...##.# #.#
#†###...##)# ##w#
#.# #...##.# ##...
#y# #.....)###....
#y# ##..#..##.....
#@# #...#..#......
#.##..............
#.................
#####...#.#.#.....
#.#...#.##....
#...###.###...
#..# #.# #'# #..
..# .# ## ### #


You could see Gastronok and 2 killer bees.

Vanquished Creatures
  Sigmund (D:2)
  The ghost of teron the Chopper, an amateur HOBe of Trog (D:3)
  Menkaure (D:6)
  2 orc warriors
  A water moccasin (D:6)
  An ice beast (D:6)
  6 ogres
  The ghost of emiel the Insei, an amateur HuMo of Cheibriados (D:5)
  2 centaurs (D:6)
  3 giant frogs (D:7)
  Blork the orc (D:6)
  The ghost of Raultor the Ruffian, an amateur VSMo (D:4)
  2 scorpions (D:5)
  4 killer bees (D:8)
  A gnoll shaman (D:8)
  3 jellies
  A hound (D:5)
  6 orc wizards
  3 crimson imps
  4 orc priests
  Crazy Yiuf (D:2)
  A centaur zombie (D:5)
  Ijyb (D:3)
  Jessica (D:2)
  9 worker ants
  5 gnolls (D:8)
  16 adders
  An adder zombie (D:8)
  An ooze (D:5)
  2 worms (D:2)
  6 giant geckos
  19 orcs
  6 giant cockroaches
  16 goblins
  9 hobgoblins
  7 jackals
  3 quokkas
  A sheep (D:3)
  A ball python (D:1)
  2 bats
  2 giant gecko skeletons (D:4)
  3 giant newts
  5 kobolds
  9 rats (D:1)
172 creatures vanquished.

Vanquished Creatures (others)
  Erolcha (D:8)
  An orc (D:8)
2 creatures vanquished.

Grand Total: 174 creatures vanquished

Notes
Turn   | Place    | Note
--------------------------------------------------------------
     0 | D:1      | HaroldButt the Minotaur Monk began the quest for the Orb.
     0 | D:1      | Reached XP level 1. HP: 19/19 MP: 0/0
   241 | D:1      | Reached XP level 2. HP: 26/26 MP: 1/1
   282 | D:1      | Reached skill level 5 in Unarmed Combat
   734 | D:2      | Reached XP level 3. HP: 21/31 MP: 2/2
   791 | D:2      | Noticed Sigmund
   805 | D:2      | Killed Sigmund
   805 | D:2      | Reached skill level 7 in Unarmed Combat
   805 | D:2      | Reached XP level 4. HP: 17/39 MP: 3/3
   805 | D:2      | Reached XP level 5. HP: 19/45 MP: 4/4
  1447 | D:2      | Noticed Crazy Yiuf
  1452 | D:2      | Killed Crazy Yiuf
  1491 | D:2      | Noticed Jessica
  1498 | D:2      | Killed Jessica
  1498 | D:2      | Reached skill level 8 in Unarmed Combat
  1498 | D:2      | Reached XP level 6. HP: 51/51 MP: 5/5
  1950 | D:3      | Noticed teron's ghost (amateur HOBe)
  2136 | D:4      | Noticed Raultor's ghost (amateur VSMo)
  2149 | D:4      | Killed Raultor's ghost
  2149 | D:4      | Reached skill level 9 in Unarmed Combat
  2360 | D:4      | Reached XP level 7. HP: 53/57 MP: 6/6
  2459 | D:4      | Found a shadowy altar of Dithmenos.
  3005 | D:3      | Killed teron's ghost
  3005 | D:3      | Reached skill level 10 in Unarmed Combat
  3259 | D:3      | Found a white marble altar of Elyvilon.
  3312 | D:3      | Found a faded altar to an unknown god.
  3350 | D:3      | Found a shimmering altar of Xom.
  3360 | D:3      | Noticed Ijyb
  3370 | D:3      | Killed Ijyb
  3851 | D:5      | Entered Level 5 of the Dungeon
  3873 | D:5      | Found a burning altar of Makhleb.
  3891 | D:5      | Reached skill level 5 in Dodging
  3896 | D:5      | Noticed emiel's ghost (amateur HuMo)
  3919 | D:5      | Killed emiel's ghost
  3919 | D:5      | Reached XP level 8. HP: 59/64 MP: 7/7
  3990 | D:5      | Found an iron altar of Okawaru.
  4524 | D:5      | Found Kiqe Tio's Distillery.
  4534 | D:5      | Bought 2 potions of heal wounds for 140 gold pieces
  4534 | D:5      | Bought a potion of haste for 140 gold pieces
  4857 | D:6      | Noticed Menkaure
  4863 | D:6      | Noticed Blork the orc
  4865 | D:6      | Killed Menkaure
  4872 | D:6      | Reached XP level 9. HP: 26/70 MP: 8/8
  4878 | D:6      | Killed Blork the orc
  5114 | D:6      | Found a sacrificial altar of Ru.
  5250 | D:6      | Reached skill level 10 in Dodging
  6096 | D:7      | Reached skill level 5 in Armour
  6121 | D:6      | HP: 3/70 [poisoned by an orc warrior]
  6129 | D:6      | HP: 2/70 [poisoned by an orc warrior]
  6137 | D:6      | HP: 2/70 [poisoned by an orc warrior]
  6575 | D:7      | Noticed a cyan ugly thing
  6600 | D:8      | Found a glowing silver altar of Zin.
  6906 | D:8      | Noticed Erolcha
  6924 | D:8      | Killed Erolcha
  7161 | D:8      | Noticed Gastronok
  7189 | D:8      | HP: 1/70 [Gastronok (21)]
  7596 | D:8      | Reached XP level 10. HP: 23/77 MP: 9/9
  7602 | D:8      | Killed from afar by Gastronok

Vault maps used:
D:1:      minmay_arrival_up_and_down, minmay_rat_gold_closets
D:2:      first_bread, kennysheep_jessica_study, uniq_sigmund,
          uniq_crazy_yiuf_cottage
D:3:      elyvilon_altar_3, ecumenical_altar_1, dk_xom_monty_hall, uniq_iyjb
D:4:      overflow_temple_1_default, minmay_ogre_servants
D:5:      lemuel_doored_altar, bloody_makhleb, serial_shops, shop, zaba_anthole
D:6:      basic_altar, uniq_blork_the_orc, uniq_menkaure
D:7:      temple_statues, grunt_livestock, grunt_potential
D:8:      serial_shops, nicolae_shop_crystal, hangedman_feature_mirror,
          minivault_19, uniq_joseph, uniq_psyche, uniq_erolcha, uniq_gastronok

Action                   |  1- 3 |  4- 6 |  7- 9 | 10-12 || total
-------------------------+-------+-------+-------+-------++-------
Melee: Unarmed           |    55 |    91 |   454 |     3 ||   603
  Use: Scroll            |       |    13 |     6 |       ||    19
       Potion            |       |       |     6 |       ||     6
 Stab: Sleeping          |     1 |       |     1 |       ||     2
       Distracted        |       |       |     1 |       ||     1
       Invisible         |       |       |     5 |       ||     5
  Eat: Chunk             |       |     4 |    38 |       ||    42
